 Dungeon Crawl Stone Soup version 0.19.1 (console) character file.

1144 Jesseh the Shield-Bearer (level 8, 0/100 HPs)
             Began as a Minotaur Fighter on Nov 28, 2016.
             Slain by a killer bee (4 damage)
             ... on level 6 of the Dungeon.
             The game lasted 00:22:00 (3894 turns).

Jesseh the Shield-Bearer (Minotaur Fighter)         Turns: 3894, Time: 00:22:00

Health: 0/100      AC: 24    Str: 23    XL:     8   Next: 15%
Magic:  10/10      EV:  2    Int:  6    God:
Gold:   345        SH: 13    Dex: 14    Spells: 1 memorised, 10 levels left

rFire  + . .     SeeInvis .     a - +0 war axe
rCold  . . .     Gourm    .     (armour currently unavailable)
rNeg   + + +     Faith    .     G - +2 shield
rPois  +         Spirit   .     (helmet currently unavailable)
rElec  .         Reflect  .     (cloak currently unavailable)
rCorr  .         Harm     .     (gloves currently unavailable)
MR     .....     NoTele   +     (boots currently unavailable)
Stlth  ++........               (no amulet)
                                q - ring of wizardry
                                o - ring of protection from fire

@: agile, lethally poisoned (0 -> -6), tree-form
A: (retaliatory headbutt), (horns 0)
a: no special abilities


You were on level 6 of the Dungeon.
You were not hungry.
You were a tree.
You visited 2 branches of the dungeon, and saw 7 of its levels.

You collected 345 gold pieces.

Inventory:

Hand Weapons
 a - a +0 war axe (weapon)
 k - a +2 hunting sling of flaming
   (You found it on level 1 of the Dungeon)
 y - a +0 short sword of draining
   (You took it off a kobold on level 3 of the Dungeon)
 R - a +0 vampiric dagger
   (You took it off Dowan on level 6 of the Dungeon)
Missiles
 n - 6 curare-tipped needles
Armour
 b - a +0 scale mail (melded)
 c - a +0 shield
 s - a +0 plate armour
   (You found it on level 2 of the Dungeon)
 t - a +0 cloak (melded)
   (You found it on level 2 of the Dungeon)
 G - a +2 shield (worn)
   (You found it on level 4 of the Dungeon)
 H - a +0 pair of gloves (melded)
   (You found it on level 4 of the Dungeon)
 S - a +0 robe of magic resistance
   (You took it off Dowan on level 6 of the Dungeon)
Jewellery
 o - a ring of protection from fire (left branch)
   (You found it on level 1 of the Dungeon)
 q - a ring of wizardry (right branch)
   (You found it on level 2 of the Dungeon)
 N - a cursed ring of teleportation {unknown}
   (You found it on level 5 of the Dungeon)
Wands
 x - a wand of lightning (8/15)
   (You found it on level 5 of the Dungeon)
 O - a wand of polymorph (9/24)
   (You found it on level 5 of the Dungeon)
Scrolls
 e - 7 scrolls of identify {unknown}
 g - 7 scrolls of teleportation {unknown}
 i - 2 scrolls of remove curse {unknown}
 j - 3 scrolls of recharging {unknown}
 r - 2 scrolls of fog {unknown}
 v - 2 scrolls of amnesia {unknown}
 D - a scroll of fear {unknown}
 E - a scroll of magic mapping {unknown}
 K - a scroll of immolation {unknown}
 L - a scroll of acquirement {unknown}
 P - a scroll of blinking {unknown}
Potions
 d - a potion of might
 h - a potion of cure mutation {unknown}
 m - a potion of invisibility {unknown}
 u - a potion of curing {unknown}
 w - 3 potions of lignification
 z - a potion of ambrosia {unknown}
 A - a potion of flight {unknown}
 B - 2 potions of degeneration {unknown}
 C - a potion of beneficial mutation {unknown}
 I - a potion of agility
 J - a potion of berserk rage {unknown}
 M - a potion of haste {unknown}
Books
 F - a book of Minor Magic
   (You found it on level 4 of the Dungeon)
Comestibles
 f - 8 bread rations
 l - a slice of pizza
 p - 3 meat rations
 Q - 8 chunks of flesh


   Skills:
 - Level 4.8 Fighting
 - Level 5.6 Axes
 - Level 3.6 Armour
 + Level 6.4 Shields
 + Level 2.6 Spellcasting
 * Level 4.0 Translocations


You had 10 spell levels left.
You knew the following spells:

 Your Spells              Type           Power        Failure   Level  Hunger
a - Blink                 Tloc           N/A          14%         2    ###....


Dungeon Overview and Level Annotations

Branches:
Dungeon (6/15)             Temple (1/1) D:5

Altars:
Cheibriados
Dithmenos
Elyvilon
Gozag
Kikubaaqudgha
Makhleb
Ru
Sif Muna
Uskayaw
Vehumet
Yredelemnul
Lugonu

Annotations:
D:6 Duvessa


Innate Abilities, Weirdness & Mutations

((You reflexively headbutt those who attack you in melee.))
((You have a pair of horns on your head.))


Message History

You hear an angry buzzing noise.
The killer bee moves out of view.
You block the killer bee's attack.
The killer bee stings you but does no damage.
A killer bee comes into view.
You miss the killer bee.
The killer bee buzzes angrily.
Your headbutt misses the killer bee. The killer bee stings you.
The killer bee stings you but does no damage.
The killer bee closely misses you.
You closely miss the killer bee. Your headbutt misses the killer bee.
You block the killer bee's attack. x2
You miss the killer bee. Your headbutt misses the killer bee.
The killer bee stings you. x2; The killer bee closely misses you.
You miss the killer bee. Your headbutt misses the killer bee.
You block the killer bee's attack. x2
You slash the killer bee! Your headbutt misses the killer bee.
The killer bee stings you but does no damage. x2
The killer bee stings you.
You miss the killer bee. You block the killer bee's attack.
The killer bee stings you but does no damage.
You miss the killer bee. The killer bee stings you.
You block the killer bee's attack. The killer bee barely misses you.
You closely miss the killer bee. The killer bee stings you.
You are poisoned.
The killer bee poisons you! You block the killer bee's attack.
The killer bee barely misses you.
You closely miss the killer bee. Your headbutt misses the killer bee.
You feel sick. You block the killer bee's attack.
The killer bee barely misses you. You furiously retaliate!
You headbutt the killer bee. You closely miss the killer bee.
Your headbutt misses the killer bee.
You feel sick. The killer bee stings you.
You are more poisoned.
The killer bee poisons you! You block the killer bee's attack.
The killer bee stings you but does no damage.
You feel sick.
The killer bee stings you but does no damage.
You see here 10 gold pieces.
You feel sick. The killer bee barely misses you.
You feel sick. The killer bee stings you.
You are more poisoned.
The killer bee poisons you!
The killer bee stings you but does no damage.
You feel sick. The killer bee stings you!
* * * LOW HITPOINT WARNING * * *
You feel sick. The killer bee stings you!
* * * LOW HITPOINT WARNING * * *
You feel sick. You block the killer bee's attack.
You feel sick. The killer bee closely misses you. You furiously retaliate!
You headbutt the killer bee.
You feel sick. The killer bee closely misses you.
You feel sick.
The killer bee stings you but does no damage. x2
The killer bee barely misses you.
You feel sick.
You feel sick.
You feel sick.
You feel sick. You block the killer bee's attack.
It was a potion of lignification.
You turn into a tree.
Your +0 cloak melds into your body.
Your +0 pair of gloves melds into your body.
Your +0 scale mail melds into your body.
Your roots penetrate the ground.
You feel sick.
The killer bee stings you but does no damage.
You block the killer bee's attack. The killer bee stings you.
* * * LOW HITPOINT WARNING * * *
The killer bee stings you but does no damage. x2
You block the killer bee's attack.
The killer bee stings you but does no damage.
It was a potion of agility.
You feel agile all of a sudden.
You feel sick. You block the killer bee's attack. x2
The killer bee stings you but does no damage.
The killer bee barely misses you.
The killer bee stings you but does no damage. x2
You block the killer bee's attack.
The killer bee stings you but does no damage. x3
You cannot move.
You are too injured to fight recklessly!
You are too injured to fight recklessly!
You are too injured to fight recklessly!
There are monsters nearby!
There are monsters nearby!
There are monsters nearby!
There are monsters nearby!
You block the killer bee's attack. x2
The killer bee stings you but does no damage.
The killer bee barely misses you. The killer bee completely misses you.
The killer bee stings you but does no damage.
The killer bee stings you.
* * * LOW HITPOINT WARNING * * *
You are more poisoned.
The killer bee poisons you!
The killer bee stings you but does no damage. x3
You feel sick. You block the killer bee's attack. x3
The killer bee stings you but does no damage.
The killer bee stings you.
* * * LOW HITPOINT WARNING * * *
The killer bee stings you.
You die...

▒.▒▒.▒.▒............▒▒.▒▒.▒▒
▒.▒▒...▒...........▒▒.▒€€▒.▒
▒.▒▒▒▒▒▒...▒▒▒.▒▒..▒▒.▒.€▒.▒
▒.....<........▒▒...▒▒.▒▒.▒
▒▒▒▒▒...........▒▒▒▒▒...▒.▒..▒.▒
................▒ ▒....▒▒▒▒▒▒yy
▒▒▒▒▒▒..........▒▒▒▒▒......▒▒.
y. ▒..........yy............. .
▒....|..[..♣yZ....▒▒▒▒▒▒▒...
▒..........yy.....▒
▒▒▒▒▒▒▒...........▒
▒...............
▒................
▒................▒
▒.....▒▒▒....▒▒▒▒▒ ▒.....▒
▒....▒ ▒.....▒


You could see 5 killer bees and an adder zombie.

Vanquished Creatures
  Menkaure (D:5)
  An ice beast (D:5)
  A phantom (D:4)
  A centaur (D:5)
  A bullfrog (D:6)
  Dowan (D:6)
  A scorpion (D:4)
  2 crimson imps (D:5)
  3 hounds
  A jelly (D:5)
  An iguana (D:4)
  5 worker ants
  A hound skeleton (D:5)
  A howler monkey zombie (D:5)
  A worker ant zombie (D:5)
  A gnoll (D:4)
  7 adders
  A shadow imp (D:5)
  An ooze (D:2)
  An adder skeleton (D:5)
  A worm (D:2)
  A dart slug (D:1)
  7 leopard geckos
  3 orcs
  A ball python (D:2)
  4 giant cockroaches
  18 goblins
  17 hobgoblins
  8 jackals
  20 kobolds
  A quokka (D:3)
  9 bats
  4 frilled lizards
  A jackal zombie (D:5)
  10 rats
138 creatures vanquished.

Notes
Turn   | Place    | Note
-------+----------+-------------------------------------------
     0 | D:1      | Jesseh the Minotaur Fighter began the quest for the Orb.
     0 | D:1      | Reached XP level 1. HP: 19/19 MP: 0/0
    56 | D:1      | Reached skill level 3 in Axes
    65 | D:1      | Reached XP level 2. HP: 27/27 MP: 1/1
   270 | D:1      | Reached skill level 4 in Fighting
   458 | D:1      | Reached XP level 3. HP: 23/33 MP: 2/2
   696 | D:2      | Reached skill level 4 in Axes
  1025 | D:2      | Reached XP level 4. HP: 30/41 MP: 3/3
  1122 | D:2      | Found a burning altar of Makhleb.
  1487 | D:3      | Reached skill level 4 in Shields
  1580 | D:3      | Reached skill level 5 in Axes
  1728 | D:3      | Reached XP level 5. HP: 43/47 MP: 4/4
  2056 | D:4      | Found a white marble altar of Elyvilon.
  2211 | D:4      | Learned a level 2 spell: Blink
  2656 | D:4      | Reached skill level 1 in Translocations
  2656 | D:4      | Reached XP level 6. HP: 55/55 MP: 4/6
  2701 | D:4      | Found a sacrificial altar of Ru.
  2754 | D:4      | Reached skill level 1 in Spellcasting
  2953 | D:4      | Reached skill level 5 in Shields
  2994 | D:5      | Entered Level 5 of the Dungeon
  3010 | D:5      | Reached skill level 2 in Translocations
  3075 | D:5      | Reached XP level 7. HP: 55/60 MP: 8/8
  3235 | D:5      | Found a staircase to the Ecumenical Temple.
  3242 | Temple   | Entered the Ecumenical Temple
  3335 | D:5      | Reached skill level 2 in Spellcasting
  3335 | D:5      | Reached skill level 3 in Translocations
  3400 | D:5      | Noticed Menkaure
  3409 | D:5      | Killed Menkaure
  3409 | D:5      | Reached skill level 6 in Shields
  3760 | D:5      | Reached XP level 8. HP: 62/67 MP: 10/10
  3826 | D:6      | Noticed Dowan
  3827 | D:6      | Noticed Duvessa
  3843 | D:6      | Killed Dowan
  3843 | D:6      | Reached skill level 4 in Translocations
  3883 | D:6      | HP: 16/67 [poisoned by a killer bee]
  3888 | D:6      | HP: 12/67 [poisoned by a killer bee]
  3893 | D:6      | HP: 9/100 [killer bee (5)]
  3894 | D:6      | HP: 4/100 [killer bee (4)]
  3894 | D:6      | Slain by a killer bee

Skill      XL: |  1  2  3  4  5  6  7  8 |
---------------+-------------------------+-----
Axes           | 3 4 5 |  5.6
Fighting       | 4 |  4.8
Shields        | 4 5 6 |  6.4
Translocations | 1 2 3 4 |  4.0
Spellcasting   | 1 2 |  2.6
Armour         | |  3.6

Action                   |  1- 3 |  4- 6 |  7- 9 || total
-------------------------+-------+-------+-------++-------
Melee: War axe           |   138 |   236 |   120 ||   494
       Headbutt          |    12 |    39 |    19 ||    70
  Use: Potion            |       |       |     2 ||     2
  Eat: Chunk             |     1 |     7 |     1 ||     9
       Pizza             |       |       |     1 ||     1
Armor: Scale mail        |    53 |       |    10 ||    63
       Plate armour      |    22 |   149 |    57 ||   228
       Skin              |       |       |    16 ||    16
Dodge: Dodged            |    41 |    37 |    29 ||   107
Block: Shield            |    84 |   124 |    97 ||   305

Vault maps used:
D:1:      scummos_arrival_hexagon, serial_bayou_ford_a, serial_park_tiny_1,
          minmay_tetromino_i4
D:2:      makhleb_blood_cavern_becter, minmay_box_of_dots
D:3:      first_bread, minmay_misc_feat_nine_boxes
D:4:      corexii_shantytown, lemuel_doored_altar, elyvilon_altar_5
D:5:      uniq_menkaure
D:6:      minivault_19, minivault_22, water_maze_lemuel, uniq_duvessa
Temple:   corrupted_temple

Table legend:
 A = Turns spent in this place as a percentage of turns spent in the entire game.
 B = Non-inter-level travel turns spent in this place as a percentage of non-inter-level travel turns spent in the entire game.
 C = Inter-level travel turns spent in this place as a percentage of turns spent in this place.
 D = Turns resting spent in this place as a percentage of non-inter-level travel turns spent in this place.
 E = Turns spent auto-exploring this place as a percentage of non-inter-level travel turns spent in this place.
 F = Non-inter-level travel turns spent in this place divided by the number of levels of this place that you've seen.
                   A       B       C       D       E      F
               +-------+-------+-------+-------+-------+----------------------
         Total | 100.0 | 100.0 |   0.7 |   0.2 |  10.3 | 189.0
       Dungeon |  98.9 |  98.9 |   0.6 |   0.2 |   9.7 | 218.2
        Temple |   1.1 |   1.1 |   6.7 |   0.0 |  64.3 |  14.0
               +-------+-------+-------+-------+-------+----------------------

Table legend:
 A = Kills in this place as a percentage of kills in entire the game.
 B = Kills by you in this place as a percentage of kills by you in the entire game.
 C = Kills by friends in this place as a percentage of kills by friends in the entire game.
 D = Other kills in this place as a percentage of other kills in the entire game.
 E = Experience gained in this place as a percentage of experience gained in the entire game.
 F = Experience gained in this place divided by the number of levels of this place that you have seen.
                   A       B       C       D       E      F
               +-------+-------+-------+-------+-------+----------------------
         Total | 100.0 | 100.0 |  -nan |  -nan | 100.0 | 233.6
       Dungeon | 100.0 | 100.0 |  -nan |  -nan | 100.0 | 272.5
               +-------+-------+-------+-------+-------+----------------------
